 Dungeon Crawl Stone Soup version 0.29.1-13-g9f3cf754e1 (webtiles) character file.

Game seed: 12952533536374606472

39 hawla the Chiller (level 3, 0/26 HPs)
             Began as a Meteoran Ice Elementalist on Jan 26, 2023.
             Slain by an orc
             ... wielding a +0 mace
              (4 damage)
             ... on level 3 of the Dungeon.
             The game lasted 00:00:57 (160 turns).

hawla the Chiller (Meteoran Ice Elementalist)        Turns: 160, Time: 00:00:57

Health: 0/26       AC:  2    Str:  9    XL:     3   Next: 97%
Magic:  6/8        EV: 12    Int: 19    God:
Gold:   24         SH:  0    Dex: 14    Spells: 4/8 levels left

rFire   . . .      SeeInvis .   (no weapon)
rCold   . . .      Faith    .   (no shield)
rNeg    . . .      Spirit   .   a - +0 robe
rPois   .          Reflect  .   (no helmet)
rElec   .          Harm     .   (no cloak)
rCorr   .          Rampage  .   (no gloves)
Will    .....                   (no boots)
Stlth   +.........              (no amulet)
HPRegen 0.08/turn               (no ring)
MPRegen 0.11/turn               (no ring)

@: glowing
A: sense surroundings 1, otherworldly, glowing, explore regen
a: no special abilities


You were on level 3 of the Dungeon.
You visited 1 branch of the dungeon, and saw 4 of its levels.

You collected 24 gold pieces.

Inventory:

Armour
 a - a +0 robe (worn)
Potions
 b - a potion of magic


   Skills:
 + Level 2.6 Dodging
 - Level 1.4 Stealth
 + Level 3.2 Spellcasting
 + Level 5.3 Ice Magic


You had 4 spell levels left.
You knew the following spells:

 Your Spells              Type           Power      Damage    Failure   Level
a - Freeze                Ice            92%        1d10      1%          1
b - Frozen Ramparts       Ice            46%        1d7       4%          3

Your spell library contained the following spells:

 Spells                   Type           Power      Damage    Failure   Level
 Ozocubu's Armour         Ice            23%        N/A       4%          3
 Hailstorm                Conj/Ice       13%        3d5       45%         4


Dungeon Overview and Level Annotations

Branches:
Dungeon (4/15) Zot: 2241
 Temple: D:4-7

Altars:


Innate Abilities, Weirdness & Mutations

You passively map a small area around you.
You are easily found by Zot.
You glow in the dark.
You regain HP and MP as you explore.


Message History

An orc comes into view. It is wielding a +0 short sword.
The orc barely misses you. The orc attacks as you move away!
The orc hits you with a +0 flail.
There is a stone staircase leading up here.
Casting: Frozen Ramparts (quite dangerous; 4% risk of failure)
Confirm with . or Enter, or press ? or * to list all spells.
Aiming: Freeze (safe; 1% risk of failure)
Press: ? - help, Shift-Dir - straight line, f - orc
Aim: an orc, wielding a +0 flail and wearing a +0 ring mail You freeze the orc.
The orc is lightly wounded.
The orc shouts!
The orc closely misses you.
Casting: Freeze (safe; 1% risk of failure)
Confirm with . or Enter, or press ? or * to list all spells.
Aiming: Freeze (safe; 1% risk of failure)
Press: ? - help, Shift-Dir - straight line, f/p - orc
Aim: an orc, wielding a +0 flail and wearing a +0 ring mail (lightly wounded)
You freeze the orc.
The orc is moderately wounded.
The orc hits you with a +0 flail.
Unknown command.
Casting: Freeze (safe; 1% risk of failure)
Confirm with . or Enter, or press ? or * to list all spells.
Aiming: Freeze (safe; 1% risk of failure)
Press: ? - help, Shift-Dir - straight line, f/p - orc
Aim: an orc, wielding a +0 flail and wearing a +0 ring mail (moderately wounded)
You freeze the orc!
You kill the orc!
Unknown command.
You see here 4 stones.
The orc attacks as you move away! The orc misses you.
The orc attacks as you move away! The orc hits you with a +0 mace.
A goblin comes into view. It is wielding a +0 dagger.
The orc attacks as you move away! The orc barely misses you.
The goblin shouts!
The orc hits you with a +0 mace!
* * * LOW HITPOINT WARNING * * *
The orc attacks as you move away! The orc hits you with a +0 mace.
You die...

, #........# #.............
..#.######.# #...........#
, ..#.# #....#
#..........## ..#.# #....#
#...........#. ..#.#
#....###....<)....... .##.#
#)...................* *
.##.###†........o(o......<.
,
................oo.........
....######....##@#.##......
.##.........####.#.........
.............. #.#.........
#######....##..#.#[........
,,+.... ,....###...., * .
.g## .... , ,, , . * * * *
**## , * * *


You could see 4 orcs and a goblin.

Vanquished Creatures
  A jelly (D:3)
  A dart slug (D:2)
  An orc (D:3)
  A hobgoblin (D:2)
  2 quokkas (D:2)
  A kobold (D:3)
  A rat (D:3)
8 creatures vanquished.

Notes
Turn   | Place    | Note
-------+----------+-------------------------------------------
     0 | D:1      | hawla the Meteoran Ice Elementalist began the quest for the
                  | Orb.
     0 | D:1      | Reached XP level 1. HP: 14/14 MP: 5/5
    54 | D:2      | Reached XP level 2. HP: 10/20 MP: 1/6
    96 | D:4      | Noticed a jelly
   105 | D:3      | Killed a jelly
   106 | D:3      | Reached skill level 5 in Ice Magic
   106 | D:3      | Reached XP level 3. HP: 13/26 MP: 3/8
   110 | D:3      | Learned a level 3 spell: Frozen Ramparts
   160 | D:3      | Slain by an orc

Illustrated notes

Levels and vault maps discovered:
D:1:      dpeg_arrival_simpleton_b, layout_loops_corners, minmay_tromino_v2
D:2:      layout_basic, minmay_cut_off, uniq_natasha
D:3:      layout_basic, vehumet_crystals, minmay_gold_behind_fungi,
          minmay_misc_feat_alley
D:4:      dreamdust_elfheim, layout_loops_ring, mainiacjoe_overflow_swirl,
          corexii_item_surrounded_by_moat, uniq_blork_the_orc, uniq_edmund

Skill      XL: |  1  2 |
---------------+-------+-----
Spellcasting   | 3 |  3.2
Ice Magic      | 5 |  5.3
Dodging        | |  2.6
Stealth        | |  1.4

Action                   || total
-------------------------++-------
 Cast: Freeze            ||    15
       Frozen Ramparts   ||     1
Armor: Robe              ||     3
Dodge: Dodged            ||    11
